 Dungeon Crawl Stone Soup version 0.13.0-26-gf7ffa3a (webtiles) character file.

1034 M4edhros the Covert (level 7, -11/44 HPs)
             Began as an Octopode Artificer on Oct 31, 2013.
             Was a Priest of Fedhas.
             Mangled by an orc warrior
             ... wielding a -1,+1 orcish mace
              (23 damage)
             ... on Level 6 of the Dungeon.
             The game lasted 00:10:27 (4465 turns).

M4edhros the Covert (Octopode Artificer)            Turns: 4465, Time: 00:10:31

HP -11/44        AC  1     Str 11      XL: 7   Next: 80%
MP  13/13        EV 12     Int 16      God: Fedhas [***...]
Gold 274         SH  0     Dex 12      Spells:  0 memorised,  6 levels left

Res.Fire  : . . .   See Invis. : .   v - -2,-3 spear (curse)
Res.Cold  : . . .   Warding    : .   (no shield)
Life Prot.: . . .   Conserve   : .   (helmet restricted)
Res.Poison: +       Res.Corr.  : .   x - cursed amulet of faith
Res.Elec. : .       Clarity    : .   s - ring of poison resistance
Sust.Abil.: . .     Spirit.Shd : .   (no ring)
Res.Mut.  : .       Stasis     : .   (no ring)
Res.Rott. : .       Flight     : .   (no ring)
Saprovore : . . .                    (no ring)
                                     (no ring)
                                     (no ring)
                                     (no ring)

@: slightly resistant to hostile enchantments, extremely stealthy
A: almost no armour, amphibious, 8 rings, constrict 8, camouflage 1, AC +1
a: Evolution, Sunlight, Growth, Renounce Religion


You were on level 6 of the Dungeon.
You worshipped Fedhas.
Fedhas was most pleased with you.
You were not hungry.

You visited 2 branches of the dungeon, and saw 7 of its levels.

You collected 254 gold pieces.

Inventory:

Hand weapons
 a - a +0,+0 short sword
 o - a +2,+1 dagger of flaming (quivered)
 t - a +2,+1 spear of venom
 v - a cursed -2,-3 spear (weapon)
Magical devices
 b - a wand of flame (0)
 c - a wand of enslavement (11)
 d - a wand of random effects (9)
Comestibles
 f - 2 bread rations
 h - a choko
 k - a pear
 m - a lemon
 p - an apple
Scrolls
 g - 2 scrolls of identify
 j - 3 scrolls of enchant weapon I
 l - a scroll of magic mapping
 n - 3 scrolls of recharging
 q - a scroll of fear
 r - 6 scrolls of teleportation
Jewellery
 s - a ring of poison resistance (left tentacle)
 u - an uncursed amulet of resist corrosion
 w - an uncursed amulet of resist mutation
 x - a cursed amulet of faith (around mantle)
Potions
 i - 3 potions of curing


   Skills:
 - Level 1.0 Fighting
 - Level 1.0 Short Blades
 - Level 2.0 Dodging
 + Level 9.1 Stealth
 * Level 4.1 Invocations
 * Level 5.4 Evocations


You had 6 spell levels left.
You didn't know any spells.

Dungeon Overview and Level Annotations

Branches:
Dungeon (6/27)             Temple (1/1) D:4
    Orc: D:6-11

Altars:
Ashenzari
Cheibriados
Fedhas
Makhleb
Xom
Yredelemnul


Innate Abilities, Weirdness & Mutations

You cannot wear most types of armour.
You are amphibious.
You can wear up to eight rings at the same time.
You can use your tentacles to constrict many enemies at once.
Your skin changes colour to match your surroundings (Stlth).
Your rubbery body absorbs attacks (AC +1).


Message History

The orc warrior hits you with an orcish mace!
* * * LOW HITPOINT WARNING * * *
Drink which item? (? for menu, Esc to quit)
You feel better.
You constrict the orc warrior, but do no damage.
The orc warrior hits you with an orcish mace!
* * * LOW HITPOINT WARNING * * *
Your wandering mushroom hits the orc.
The orc is engulfed in a cloud of spores!
Your wandering mushroom is destroyed!
An orc comes into view. It is wielding an orcish mace.
Drink which item? (? for menu, Esc to quit)
You feel better.
You constrict the orc warrior, but do no damage.
Your wandering mushroom hits the orc!
The orc dies!
The orc warrior hits you with an orcish mace!
Ouch! That really hurt!
You die...
Fedhas appreciates your contribution to the ecosystem.

.....................#
.................#..##
....#.....#........#
...................##
#.........#..........##
o#.................#...#
o8..........#.........##
o'........).o.........#
o8.....>..)o).oo@.##.##
.#.....)of#..#..#..##
#.........###........#
#.#......f.#.........#
#........#.........##
##....#..##..##.#...#
#.#..#...########.##
..#...#.## ###
#####.####


You could see an orc warrior, 4 orcs and a friendly wandering mushroom.

Vanquished Creatures
  The ghost of Stormphoenix the Chopper, an average HOSk (D:3)
  2 orc priests
  A hound (D:5)
  A scorpion (D:6)
  An orc wizard (D:4)
  A worker ant (D:5)
  2 iguanas (D:4)
  Jessica (D:2)
  6 gnolls
  10 adders
  An inept feature mimic (D:4)
  A worm (D:2)
  2 giant geckos
  2 oozes
  6 orcs
  A ball python (D:3)
  A bat skeleton (D:4)
  12 hobgoblins
  5 jackals
  12 kobolds
  2 quokkas
  11 bats
  6 giant cockroaches
  7 giant newts
  10 goblins
  A goblin skeleton (D:4)
  9 rats
115 creatures vanquished.

Vanquished Creatures (collateral kills)
  A sky beast (D:5)
  2 ogres
  A gnoll sergeant (D:6)
  A jelly (D:6)
  6 gnolls
  3 orcs (D:6)
  A jackal (D:3)
  A kobold (D:4)
  A bat (D:6)
  A giant newt (D:6)
18 creatures vanquished.

Vanquished Creatures (others)
  2 wandering mushrooms (D:6)
  60 toadstools
62 creatures vanquished.

Grand Total: 195 creatures vanquished

Notes
Turn   | Place    | Note
--------------------------------------------------------------
     0 | D:1      | M4edhros, the Octopode Artificer, began the quest for the Orb.
     0 | D:1      | Reached XP level 1. HP: 14/14 MP: 1/1
   432 | D:1      | Reached XP level 2. HP: 16/19 MP: 3/3
   681 | D:1      | Reached skill level 4 in Stealth
   770 | D:1      | Reached XP level 3. HP: 16/24 MP: 4/4
  1218 | D:4      | Reached skill level 5 in Stealth
  1226 | D:4      | Reached XP level 4. HP: 25/29 MP: 6/6
  1278 | D:4      | Reached skill level 6 in Stealth
  1494 | D:4      | Reached skill level 7 in Stealth
  1494 | D:4      | Reached XP level 5. HP: 23/34 MP: 7/7
  1603 | D:4      | Found a staircase to the Ecumenical Temple.
  1628 | Temple   | Entered the Ecumenical Temple
  1638 | Temple   | Became a worshipper of Fedhas Madash
  1754 | D:3      | Noticed Stormphoenix's ghost (average HOSk)
  1855 | D:2      | Acquired Fedhas' first power
  1933 | D:2      | Found a shimmering altar of Xom.
  2059 | D:2      | Reached skill level 8 in Stealth
  2260 | D:2      | Reached XP level 6. HP: 26/39 MP: 9/9
  2292 | D:2      | Reached skill level 1 in Invocations
  2558 | D:2      | Noticed Jessica
  2566 | D:2      | Killed Jessica
  2736 | D:3      | Acquired Fedhas' second power
  3074 | D:3      | Killed Stormphoenix's ghost
  3203 | D:3      | HP: 1/39 [orc (4)]
  3509 | D:4      | Reached XP level 7. HP: 37/44 MP: 12/12
  3579 | D:5      | Entered Level 5 of the Dungeon
  4357 | D:6      | Reached skill level 5 in Evocations
  4363 | D:6      | Reached skill level 9 in Stealth
  4382 | D:6      | Acquired Fedhas' third power
  4465 | D:6      | Mangled by an orc warrior

Action                   |  1- 3 |  4- 6 |  7- 9 || total
-------------------------+-------+-------+-------++-------
Melee: Short sword       |    43 |       |       ||    43
       Dagger            |    27 |    49 |       ||    76
       Spear             |       |   112 |    71 ||   183
Invok: Evolution         |       |     3 |       ||     3
       Sunlight          |       |       |     2 ||     2
Evoke: Wand              |     2 |    21 |     2 ||    25
  Use: Potion            |     1 |    10 |     5 ||    16
       Scroll            |       |     7 |     4 ||    11
 Stab: Sleeping          |     7 |    16 |     4 ||    27
       Confused          |       |       |     1 ||     1
